 Dungeon Crawl Stone Soup version 0.15-a0-2036-g5428f20 (webtiles) character file.

737 MrRokkomies the Shooter (level 7, 0/48 HPs)
             Began as a Demonspawn Arcane Marksman on July 13, 2014.
             Was an Initiate of Ashenzari.
             Slain by an orc priest
             ... wielding a +0 hand axe
              (5 damage)
             ... on Level 6 of the Dungeon.
             The game lasted 00:21:15 (7178 turns).

MrRokkomies the Shooter (DsAM)                      Turns: 7178, Time: 00:21:16

HP   0/48        AC  7     Str 11      XL: 7   Next: 46%
MP   9/9         EV  9     Int 17      God: Ashenzari [......]
Gold 255         SH  0     Dex 12      Spells:  3 memorised,  2 levels left

rFire  . . .     SeeInvis +     a - +1 shortbow
rCold  . . .     Clarity  .     m - +0 ring mail (curse)
rNeg   . . .     rCorr    .     (no shield)
rPois  .         rRot     .     (helmet unavailable)
rElec  .         Spirit   .     (no cloak)
SustAb .         Warding  .     q - +0 pair of gloves (curse)
rMut   .         Stasis   .     e - +0 pair of boots (curse)
Gourm  .                        (no amulet)
MR     .....                    (no ring)
                                (no ring)

@: slowed, very slow, not resistant to hostile enchantments, very unstealthy
A: antennae 3
a: Renounce Religion


You were on level 6 of the Dungeon.
You worshipped Ashenzari.
Ashenzari was noncommittal.
You were not hungry.

You visited 2 branches of the dungeon, and saw 7 of its levels.

You collected 255 gold pieces.

Inventory:

Hand weapons
 a - a +1 shortbow (weapon)
 b - a +2 dagger of flaming
 x - a +0 dagger of venom
 F - a +0 long sword
Missiles
 c - 86 arrows (quivered)
 h - 21 poisoned sling bullets
 l - 45 poisoned needles
 t - 8 arrows of frost
 u - 13 arrows of dispersal
 y - 11 arrows of flame
Armour
 e - a cursed +0 pair of boots (worn)
 m - a cursed +0 ring mail (worn)
 q - a cursed +0 pair of gloves (worn)
Magical devices
 o - a wand of random effects (7)
Comestibles
 f - 5 bread rations
 k - a meat ration
 n - 6 fruits
 v - a beef jerky
 A - a slice of pizza
 J - 5 rotting chunks of centaur flesh
 K - a rotting chunk of hobgoblin flesh
Scrolls
 i - a scroll of remove curse
 j - 4 scrolls of teleportation
 C - a scroll of blinking
 H - a scroll of curse jewellery
 I - 2 scrolls of curse weapon
 L - a scroll of recharging
Jewellery
 G - an uncursed amulet of rage
Potions
 g - 3 potions of restore abilities
 p - 2 potions of curing
 r - a potion of might
 w - a potion of poison {unknown}
 z - a potion of lignification {unknown}
 D - a potion of invisibility {unknown}
Books
 d - a book of Debilitation

   Spells                             Type                      Level
   *Corona                            Hexes                        1
   *Slow                              Hexes                        2
   *Inner Flame                       Hexes/Fire                   3
   Enslavement                        Hexes                        4
   Cause Fear                         Hexes                        4
   Leda's Liquefaction                Hexes/Earth                  4


   Skills:
 - Level 1.0 Fighting
 * Level 6.3 Bows
 - Level 1.7 Dodging
 - Level 1.0 Spellcasting
 + Level 5.7 Hexes


You had 2 spell levels left.
You knew the following spells:

 Your Spells              Type           Power        Failure   Level  Hunger
a - Corona                Hex            ###....      3%          1    ##.....
b - Slow                  Hex            ###.....     6%          2    ###....
c - Inner Flame           Hex/Fire       ##......     34%         3    ####...


Dungeon Overview and Level Annotations

Branches:
Dungeon (6/15)             Temple (1/1) D:5

Altars:
Ashenzari
Dithmenos
Gozag
Kikubaaqudgha
Makhleb
Nemelex Xobeh
Okawaru
Sif Muna
Trog
Vehumet
Xom
Yredelemnul
Zin
The Shining One

Annotations:
D:4 ilii's ghost, experienced GrFi


Innate Abilities, Weirdness & Mutations

You have a pair of large antennae on your head (SInv).


Message History

The orc wizard casts a spell.
The orc wizard seems to speed up.
The orc priest hits you but does no damage.
The orc wizard casts a spell at you. You resist.
The orc wizard hits you but does no damage.
The orc closely misses you. The orc priest closely misses you.
Firing (i - inventory. (,) - cycle):
c - 87 arrows (quivered)
Press: ? - help, Shift-Dir - straight line, f/p - orc priest
Aim: an orc priest, wielding a hand axe and wearing a scale mail (severely wounded)
You shoot an arrow.
The arrow closely misses the orc priest.
The orc wizard points at you and mumbles some strange words.
The magic dart hits you!
* * * LOW HITPOINT WARNING * * *
The orc wizard hits you with a dagger.
* * * LOW HITPOINT WARNING * * *
The orc wizard completely misses you. The orc closely misses you.
The orc priest hits you with a hand axe.
You die...

### ##.#####
#......# ###
##.###)# ## ..#
#.# #.######.##
#.####.#
#.....o@o.#
.......#
#######oo.....#
#.######
#..####.# #.#
#..# ..# #...
#.# #.##. ..#
#.. .! ### #.#
. ...


You could see an orc priest, 2 orc wizards and an orc.

Vanquished Creatures
  A phantom (D:5)
  2 centaurs
  A scorpion (D:4)
  A hound (D:4)
  A centaur zombie (D:5)
  A black bear skeleton (D:3)
  An orc priest (D:3)
  A worker ant (D:5)
  3 orc wizards
  8 adders
  A gnoll (D:2)
  2 worms
  An orc skeleton (D:5)
  An ooze (D:1)
  20 orcs
  A bat skeleton (D:4)
  6 giant cockroaches
  13 goblins
  7 hobgoblins
  4 jackals
  10 kobolds
  2 quokkas (D:2)
  A ball python (D:2)
  14 bats
  11 giant newts
  A kobold skeleton (D:5)
  8 rats
123 creatures vanquished.

Notes
Turn   | Place    | Note
--------------------------------------------------------------
     0 | D:1      | MrRokkomies, the Demonspawn Arcane Marksman, began the quest for the Orb.
     0 | D:1      | Reached XP level 1. HP: 15/15 MP: 2/2
   332 | D:1      | Gained mutation: You have a pair of small antennae on your head. [demonic ancestry]
   332 | D:1      | Reached XP level 2. HP: 19/21 MP: 3/3
   866 | D:1      | Learned a level 2 spell: Slow
   992 | D:2      | Reached XP level 3. HP: 16/26 MP: 0/4
  1234 | D:2      | Reached skill level 4 in Hexes
  1558 | D:2      | Gained mutation: You have a pair of antennae on your head. [demonic ancestry]
  1558 | D:2      | Reached XP level 4. HP: 32/32 MP: 5/5
  2214 | D:2      | Found a basalt altar of Yredelemnul.
  2336 | D:2      | Found a shimmering altar of Xom.
  2558 | D:3      | Found a bloodstained altar of Trog.
  2559 | D:3      | Found an iron altar of Okawaru.
  3314 | D:3      | Found a shadowy altar of Dithmenos.
  3661 | D:3      | Reached XP level 5. HP: 37/37 MP: 7/7
  3991 | D:3      | Reached skill level 5 in Hexes
  4197 | D:3      | Noticed a centaur
  4204 | D:3      | Killed a centaur
  4204 | D:3      | Gained mutation: You have a pair of large antennae on your head (SInv). [demonic ancestry]
  4204 | D:3      | Reached XP level 6. HP: 29/43 MP: 0/8
  4866 | D:4      | Reached skill level 5 in Bows
  5070 | D:4      | Learned a level 3 spell: Inner Flame
  5102 | D:4      | Noticed ilii's ghost (experienced GrFi)
  5138 | D:5      | Entered Level 5 of the Dungeon
  5270 | D:5      | Reached XP level 7. HP: 30/48 MP: 3/9
  5608 | D:5      | Found a staircase to the Ecumenical Temple.
  5617 | Temple   | Entered the Ecumenical Temple
  5713 | Temple   | Became a worshipper of Ashenzari the Shackled
  6045 | D:5      | Found a sparkling altar of Nemelex Xobeh.
  6839 | D:5      | Reached skill level 6 in Bows
  7178 | D:6      | Slain by an orc priest

Action                   |  1- 3 |  4- 6 |  7- 9 || total
-------------------------+-------+-------+-------++-------
Melee: Dagger            |    93 |   229 |    57 ||   379
       Unarmed           |     3 |       |       ||     3
 Fire: Shortbow          |    13 |    80 |    73 ||   166
 Cast: Corona            |     4 |    24 |     3 ||    31
       Slow              |     1 |     9 |       ||    10
Evoke: Wand              |     1 |       |       ||     1
  Use: Scroll            |     6 |     5 |     5 ||    16
       Potion            |       |     2 |     1 ||     3
 Stab: Paralysed         |     2 |       |       ||     2
  Eat: Chunk             |     2 |    13 |     7 ||    22
